 Dungeon Crawl Stone Soup version 0.30-a0-830-gfe289a77b0 (webtiles) character file.

Game seed: 1907863054109059918

885 Pimp the Sneak (level 8, -2/51 HPs)
             Began as an Octopode Conjurer on Feb 28, 2023.
             Slain by a mummy (13 damage)
             ... in an ossuary.
             The game lasted 00:16:09 (4968 turns).

Pimp the Sneak (Octopode Conjurer)                  Turns: 4968, Time: 00:16:10

Health: -2/51      AC:  1    Str:  6    XL:     8   Next: 5%
Magic:  6/13       EV: 14    Int: 23    God:
Gold:   178        SH:  0    Dex: 10    Spells: 7/13 levels left

rFire   . . .      SeeInvis .      - Unarmed
rCold   . . .      Faith    .    (no shield)
rNeg    . . .      Spirit   .    (helmet restricted)
rPois   .          Reflect  .    (no amulet)
rElec   .          Harm     .    (no ring)
rCorr   .          Rampage  .    (no ring)
Will    .....                    (no ring)
Stlth   ++++                     (no ring)
HPRegen 0.28/turn                (no ring)
MPRegen 0.13/turn                (no ring)
                                 (no ring)
                                 (no ring)

@: attractive
A: almost no armour, amphibious, 8 rings, camouflage 1, gelatinous body 1,
(nimble swimmer 1), tentacles
a: no special abilities


You were in an ossuary.
You visited 2 branches of the dungeon, and saw 6 of its levels.
You also visited: Ossuary.

You collected 178 gold pieces.

Inventory:

Hand Weapons
 g - a +0 vampiric dagger
 j - a +0 short sword
Missiles
 e - 15 poisoned darts
Jewellery
 v - a +6 ring of dexterity
Wands
 m - a wand of digging (7)
Scrolls
 c - a scroll of butterflies {unknown}
 d - a scroll of silence {unknown}
 f - 7 scrolls of teleportation {unknown}
 h - a scroll of enchant weapon {unknown}
 o - 2 scrolls of enchant armour {unknown}
 q - 2 scrolls of identify {unknown}
 r - a scroll of fear {unknown}
 s - a scroll of magic mapping {unknown}
Potions
 a - 3 potions of magic
 b - 2 potions of invisibility
 i - 3 potions of attraction
 k - 2 potions of flight {unknown}
 l - 2 potions of resistance
 n - a potion of brilliance
 p - a potion of might
 t - a potion of lignification {unknown}
 u - a potion of mutation {unknown}
 w - a potion of ambrosia


   Skills:
 + Level 2.7 Fighting
 * Level 4.7 Dodging
 * Level 6.9 Stealth
 + Level 2.8 Unarmed Combat
 + Level 3.4 Spellcasting
 + Level 5.0 Conjurations


You had 7 spell levels left.
You knew the following spells:

 Your Spells              Type           Power      Damage    Failure   Level
a - Magic Dart            Conj           100%       1d8       1%          1
b - Searing Ray           Conj           54%        2d6       2%          2
c - Dazzling Flash        Conj/Hex       30%        N/A       12%         3

Your spell library contained the following spells:

 Spells                   Type           Power      Damage    Failure   Level
 Slow                     Hex            12%        N/A       11%         1
 Confusing Touch          Hex            3%         N/A       32%         3
 Vampiric Draining        Necr           3%         2d6       32%         3
 Fulminant Prism          Conj/Hex       7%         3d7       36%         4
 Iskenderun's Mystic Bla  Conj/Tloc      15%        2d5       36%         4


Dungeon Overview and Level Annotations

Branches:
Dungeon (5/15)             Temple (1/1) D:4         Ossuary (1/1)

Altars:
Cheibriados
Dithmenos
Hepliaklqana
Makhleb
Qazlal
Ru
Sif Muna
Trog
Vehumet
Xom
Zin


Innate Abilities, Weirdness & Mutations

You cannot wear most types of armour.
You are amphibious.
You can wear up to eight rings at the same time.
Your skin changes colour to match your surroundings (Stealth+).
Your rubbery body absorbs attacks. (AC +1, EV +1)
((You are camouflaged when in or above water. (Stealth+)))
You have tentacles for arms and can constrict up to eight enemies at once.


Message History

The mummy is heavily damaged.
You constrict the mummy, but do no damage.
The orc zombie hits you but does no damage.
Casting: Searing Ray (safe; 2% risk of failure)
Confirm with . or Enter, or press ? or * to list all spells.
You don't know that spell.
Casting: Searing Ray (safe; 2% risk of failure)
Confirm with . or Enter, or press ? or * to list all spells.
Aiming: Searing Ray (safe; 2% risk of failure)
Press: ? - help, Shift-Dir - straight line, f - orc zombie, p - mummy
Aim: an orc zombie (93% to hit)
The searing ray hits the orc zombie!
You destroy the orc zombie!
The searing ray hits the orc zombie.
The orc zombie is moderately damaged. (Press . to maintain the ray.)
You constrict the mummy, but do no damage.
The searing ray hits the orc zombie!
You destroy the orc zombie!
You constrict the mummy. The mummy hits you! The mummy completely misses you.
You release your grip on the mummy.
You barely miss the mummy. Your grab misses the mummy.
The mummy is severely damaged.
The mummy hits you.
* * * LOW HITPOINT WARNING * * *
You barely miss the mummy. Your grab misses the mummy.
The mummy is severely damaged.
The hobgoblin zombie is attracted toward you.
You completely miss the mummy. You grab the mummy.
The mummy is almost destroyed.
You constrict the mummy, but do no damage.
The mummy hits you.
* * * LOW HITPOINT WARNING * * *
The hobgoblin zombie completely misses you.
You barely miss the mummy. You grab the mummy.
The mummy is severely damaged.
You constrict the mummy, but do no damage. x2
The hobgoblin zombie closely misses you.
The mummy hits you!
You die...

...............
Z..............
.............
#........#
#......# #....#
#Z...# #MM§.#
#@Z..# #....#
#....# #....#
#....# #.∩∩.#
######


You could see 2 mummies, a hobgoblin zombie and an orc zombie.

Vanquished Creatures
  Sigmund (D:2)
  A water moccasin (D:4)
  2 ogres (D:4)
  2 scorpions (D:4)
  A jelly (D:4)
  A hound (D:5)
  Natasha (twice) (D:2)
  An orc wizard (D:4)
  2 mummies (Ossuary)
  4 gnolls (D:4)
  2 adders (D:4)
  3 dart slugs
  8 orcs
  9 ball pythons
  3 endoplasms
  A giant cockroach (D:4)
  A gnoll zombie (Ossuary)
  12 goblins
  9 hobgoblins
  4 jackals (D:4)
  9 kobolds
  6 quokkas
  8 bats
  4 frilled lizards
  2 kobold zombies (Ossuary)
  3 orc zombies (Ossuary)
  2 rats
103 creatures vanquished.

Notes
Turn   | Place    | Note
-------+----------+-------------------------------------------
     0 | D:1      | Pimp the Octopode Conjurer began the quest for the Orb.
     0 | D:1      | Reached XP level 1. HP: 11/11 MP: 3/3
   183 | D:1      | Reached skill level 3 in Stealth
   183 | D:1      | Reached XP level 2. HP: 14/17 MP: 3/5
   654 | D:1      | Reached XP level 3. HP: 19/22 MP: 6/6
   887 | D:1      | Found a faded altar of an unknown god.
  1065 | D:2      | Noticed Sigmund
  1074 | D:2      | HP: 1/22 [Sigmund/puff of flame (6)]
  1093 | D:2      | Killed Sigmund
  1094 | D:2      | Reached skill level 1 in Fighting
  1094 | D:2      | Reached skill level 4 in Stealth
  1094 | D:2      | Reached skill level 1 in Unarmed Combat
  1094 | D:2      | Reached XP level 4. HP: 21/28 MP: 7/7
  1094 | D:2      | Reached XP level 5. HP: 25/33 MP: 8/8
  1312 | D:3      | Learned a level 2 spell: Searing Ray
  1672 | D:2      | Noticed Natasha
  1688 | D:2      | Killed Natasha
  1689 | D:2      | Reached skill level 5 in Stealth
  1689 | D:2      | Reached XP level 6. HP: 29/39 MP: 8/10
  1751 | D:2      | Learned a level 3 spell: Dazzling Flash
  1968 | D:2      | Noticed Natasha
  1977 | D:2      | Killed Natasha
  2508 | D:3      | Found a hazy altar of Hepliaklqana.
  3643 | D:4      | Found a snail-covered altar of Cheibriados.
  3791 | D:4      | Reached XP level 7. HP: 45/45 MP: 5/11
  3903 | D:4      | Found a shadowy altar of Dithmenos.
  4263 | D:4      | Reached skill level 6 in Stealth
  4375 | D:4      | Found a staircase to the Ecumenical Temple.
  4380 | Temple   | Entered the Ecumenical Temple
  4572 | D:4      | Reached skill level 5 in Conjurations
  4811 | D:4      | Found a stormy altar of Qazlal.
  4866 | D:5      | Entered Level 5 of the Dungeon
  4877 | D:5      | Reached XP level 8. HP: 41/51 MP: 13/13
  4928 | D:5      | Found a sand-covered staircase.
  4932 | Ossuary  | Entered an ossuary
  4968 | Ossuary  | Slain by a mummy

Illustrated notes

Levels and vault maps discovered:
D:1:      lemuel_arrival_muddy, layout_loops_ring,
          shapermc_ecumenical_altar_mp_vishouse
D:2:      layout_loops_ring, guppyfry_early_orc_mine, uniq_sigmund, uniq_natasha
D:3:      layout_basic, mainiacjoe_overflow_cross_hatched
D:4:      layout_basic, lemuel_coloured_pillars_altar,
          mainiacjoe_overflow_surrounded_room,
          nicolae_dithmenos_through_a_glass_darkly, temple_statues,
          minmay_pentangle
D:5:      layout_loops_ring, kiku_gazebo_garden_becter,
          lightli_ossuary_entry_decrepit_ruins
Temple:   nicolae_temple_bog_church
Ossuary:  ossuary_tomb_3

Skill      XL: |  1  2  3  4  5  6  7 |
---------------+----------------------+-----
Stealth        | 3 4 5 6 |  6.9
Fighting       | 1 2 |  2.7
Dodging        | 3 4 |  4.7
Unarmed Combat | 1 2 |  2.8
Spellcasting   | 3 |  3.4
Conjurations   | 5 |  5.0

Action                     |  1- 3 |  4- 6 |  7- 9 || total
---------------------------+-------+-------+-------++-------
  Melee: Unarmed           |    70 |   127 |    61 ||   258
         Tentacles         |    16 |    34 |    17 ||    67
         Constrict         |    17 |    31 |    15 ||    63
         Punch             |       |     7 |     1 ||     8
   Cast: Magic Dart        |    20 |     7 |    15 ||    42
         Searing Ray       |       |     4 |     6 ||    10
    Use: Potion            |     3 |     1 |     2 ||     6
         Scroll            |     2 |       |       ||     2
   Stab: Sleeping          |     5 |     8 |     2 ||    15
         Invisible         |     2 |       |       ||     2
 Armour: Skin              |     4 |    14 |     8 ||    26
  Dodge: Dodged            |    58 |   109 |    54 ||   221

Table legend: (Time is in decaauts)
 A = Elapsed time spent in this place.
 B = Non-inter-level travel time spent in this place.
 C = Inter-level travel time spent in this place.
 D = Time resting spent in this place.
 E = Time spent auto-exploring this place.
 F = Levels seen in this place.
 G = Mean time per level.
                   A        B        C        D        E       F      G
               +--------+--------+--------+--------+--------+-----+--------+
         Total |   4962 |   4737 |    225 |    993 |   2714 |   7 |  708.9 |
       Dungeon |   4779 |   4571 |    208 |    993 |   2599 |   5 |  955.8 |
        Temple |    147 |    130 |     17 |      0 |    115 |   1 |  147.0 |
       Ossuary |     35 |     35 |      0 |      0 |      0 |   1 |   35.0 |
               +--------+--------+--------+--------+--------+-----+--------+

Top non-repeatable levels by time:
     D:4: 1355 daAuts
     D:3: 1308 daAuts
     D:2: 1082 daAuts
     D:1: 968 daAuts
  Temple: 147 daAuts
     D:5: 65 daAuts
 Ossuary: 35 daAuts
